cohdb
Replays
Latest Replays
All Replays
Popular Replays
Top Player Replays
Match Explorer
How It Works
Community
CoH3 Stats
Reddit
Sign in to upload your games and track your stats! →
Sign in with Steam
Match 41546012
Unlisted
Match 41546012
Overview
Messages
Build Orders
End
Construct Weapon Support Center
Engineer Squad
Bazooka Squad
M1919 Machine Gun Team
M1919 Machine Gun Team
Bazooka Squad
Mechanized Support Center
Construct Medical Station
Construct Motor Pool
M8 Greyhound Armored Car
Mortar Pit
M8 Greyhound Armored Car
Improvised Armor
M1 Anti-tank Gun Team
Designate Forward Repair Station
M1919 Machine Gun Team
Mortar Pit
Selects Heavy Weapons
Selects M2HB .50cal Heavy Machine Gun
Selects Assault Carriers
Selects Exchangeable Parts
Selects Towed M5 3-inch Anti-tank Gun
Selects M2HB .50cal Heavy Machine Gun
Selects Assault Carriers
Selects Exchangeable Parts
Improved M9 Bazooka Rockets
Construct Tank Depot
M1 Anti-tank Gun Team
Selects M26 Pershing Heavy Tank
M26 Pershing Heavy Tank
Salvage Crew
marcmorn
Silverstatic
カルト_くん
Trash magnet
0
0
Comments
sign in to comment!
No comments posted yet!